 Dungeon Crawl Stone Soup version 0.25.1-2-g60ff931df9 (webtiles) character file.

Game seed: 12013314587953357013

90 solopath the Slasher (level 4, -4/33 HPs)
             Began as a Demonspawn Gladiator on Oct 27, 2020.
             Was an Initiate of Gozag.
             Slain by Purgy (7 damage)
             ... in a sewer.
             The game lasted 00:04:45 (2242 turns).

solopath the Slasher (Demonspawn Gladiator)         Turns: 2242, Time: 00:04:46

Health: -4/33      AC:  7    Str: 14    XL:     4   Next: 32%
Magic:  4/4        EV: 12    Int: 11    God:    Gozag
Gold:   216        SH:  0    Dex: 14    Spells: 3/3 levels left

rFire    + + .     SeeInvis .   a - +0 long sword
rCold    . . .     Gourm    .   (no shield)
rNeg     . . .     Faith    .   n - +3 leather armour {rF+}
rPois    .         Spirit   .   c - +0 helmet
rElec    .         Reflect  .   (no cloak)
rCorr    .         Harm     .   (no gloves)
MR       .....                  (no boots)
Stlth    +.........             (no amulet)
HPRegen  0.11/turn              q - ring of protection from fire
MPRegen  0.09/turn              (no ring)

@: mighty, stab
A: claws 1, powered by death 1
a: Potion Petition, Call Merchant, Bribe Branch, Renounce Religion


You were in a sewer.
You worshipped Gozag.
Gozag was aware of your devotion.
You were not hungry.

You visited 1 branch of the dungeon, and saw 3 of its levels.
You also visited: Sewer.

You collected 248 gold pieces.
You paid 32 gold pieces to Gozag.

Inventory:

Hand Weapons
 a - a +0 long sword (weapon)
Missiles
 d - 3 throwing nets (quivered)
Armour
 b - a +0 leather armour
 c - a +0 helmet (worn)
 m - a +0 buckler
 n - a +3 leather armour of fire resistance (worn)
Jewellery
 q - a ring of protection from fire (left claw)
Scrolls
 h - 3 scrolls of identify
 j - 2 scrolls of remove curse {unknown}
 r - a scroll of teleportation {unknown}
 t - a scroll of fear {unknown}
Potions
 g - a potion of flight
 k - a potion of heal wounds {unknown}
 l - a potion of might
 o - 2 potions of curing {unknown}
 p - a potion of haste {unknown}
 s - 2 potions of mutation {unknown}
Comestibles
 f - 4 rations


   Skills:
 - Level 2.0 Fighting
 + Level 4.1 Long Blades
 - Level 1.7 Throwing
 - Level 2.6 Dodging
 + Level 2.0 Shields


You had 3 spell levels left.
You didn't know any spells.
Your spell library was empty.

Dungeon Overview and Level Annotations

Branches:
Dungeon (3/15)              Sewer (1/1)

Altars:
Gozag
Wu Jian

Annotations:
Sewer Purgy


Innate Abilities, Weirdness & Mutations

You have sharp fingernails.
You regenerate a little health from kills.


Message History

Purgy bites you but does no damage. Purgy claws you but does no damage.
Purgy closely misses you.
You slash Purgy!
Purgy is heavily wounded.
Purgy bites you.
* * * LOW HITPOINT WARNING * * *
Purgy claws you but does no damage. Purgy closely misses you.
You completely miss Purgy.
Purgy is heavily wounded.
Purgy misses you.
You riposte.
You closely miss Purgy.
Purgy is heavily wounded.
Purgy barely misses you. Purgy claws you.
* * * LOW HITPOINT WARNING * * *
You hit Purgy.
Purgy is heavily wounded.
Purgy misses you.
You riposte.
You slash Purgy!
Purgy is almost dead.
Purgy barely misses you. Purgy closely misses you. Purgy bites you!
You die...
Your body crumbles into a pile of gold.

####.≈≈≈.#
####.≈≈≈.#
#..'.≈≈≈.+
####.≈≈≈.#
####.≈≈≈.#
#..'.≈≈≈.+
####.≈≈≈.#
####.≈≈≈.####
#∩....∩.@T..#
####.≈≈≈.####
####.≈≈≈.#
#.)'.≈≈≈.+
####.≈≈≈.#
####.≈≈≈.#
#..'.≈≈≈.+
####.≈≈≈.#
####.≈≈≈.#


You could see Purgy.

Vanquished Creatures
  3 adders (D:2)
  3 worms
  2 leopard geckos (D:2)
  An orc (D:3)
  A giant cockroach (Sewer)
  A hobgoblin (D:1)
  5 jackals
  A ball python (D:1)
  4 bats
  4 frilled lizards
  7 goblins
  13 kobolds
  11 rats
56 creatures vanquished.

Notes
Turn   | Place    | Note
-------+----------+-------------------------------------------
     0 | D:1      | solopath the Demonspawn Gladiator began the quest for the
                  | Orb.
     0 | D:1      | Reached XP level 1. HP: 16/16 MP: 1/1
    20 | D:1      | Reached skill level 3 in Long Blades
   352 | D:1      | Gained mutation: You have sharp fingernails. [demonic
                  | ancestry]
   352 | D:1      | Reached XP level 2. HP: 20/22 MP: 2/2
   855 | D:2      | Gained mutation: You regenerate a little health from kills.
                  | [demonic ancestry]
   855 | D:2      | Reached XP level 3. HP: 16/27 MP: 3/3
  1025 | D:2      | Reached skill level 1 in Shields
  1166 | D:2      | Found an ornate altar of the Wu Jian Council.
  1235 | D:2      | Found an opulent altar of Gozag.
  1502 | D:2      | Became a worshipper of Gozag Ym Sagoz the Greedy
  1770 | D:2      | Reached skill level 4 in Long Blades
  1770 | D:2      | Reached XP level 4. HP: 31/33 MP: 4/4
  2101 | D:3      | Found a glowing drain.
  2132 | Sewer    | Entered a sewer
  2227 | Sewer    | Noticed Purgy
  2242 | Sewer    | Slain by Purgy

Illustrated notes

Levels and vault maps discovered:
D:1:      dpeg_arrival_long_road, layout_rooms, minmay_split_cup_large
D:2:      layout_rooms, old_standard_altar, grunt_gozag_breadcrumbs,
          roderic_lattice_a, skrybe_limestone_x
D:3:      layout_loops_ring, zin_purify, cheibrodos_sewer_entry_bend
Sewer:    kennysheep_door_sewer

Skill      XL: |  1  2  3  4 |
---------------+-------------+-----
Long Blades    | 3 4 |  4.1
Shields        | 1 2 |  2.0
Fighting       | |  2.0
Throwing       | |  1.7
Dodging        | |  2.6

Action                   |  1- 3 |  4- 6 || total
-------------------------+-------+-------++-------
Melee: Long sword        |   110 |    53 ||   163
  Use: Scroll            |       |     3 ||     3
       Potion            |       |     3 ||     3
  Eat: Chunk             |     2 |       ||     2
       Ration            |       |     1 ||     1
Armor: Leather armour    |    29 |    35 ||    64
Dodge: Dodged            |    82 |    60 ||   142
       Rpst.: Long sword |    28 |    16 ||    44
